 Dungeon Crawl Stone Soup version 0.24.1-8-ga250c9d538 (webtiles) character file.

Game seed: 14129455332411557020, levelgen mode: deterministic

1092 Hugehornet the Insei (level 8, -1/48 HPs)
             Began as an Octopode Transmuter on May 7, 2020.
             Was an Initiate of Cheibriados.
             Slain by Dowan
             ... wielding a +0 dagger
              (2 damage)
             ... on level 6 of the Dungeon.
             The game lasted 00:16:25 (5692 turns).

Hugehornet the Insei (Octopode Transmuter)          Turns: 5692, Time: 00:16:25

Health: -1/48      AC:  2    Str: 10    XL:     8   Next: 31%
Magic:  13/14      EV: 18    Int: 19    God:    Cheibriados [......]
Gold:   231        SH:  0    Dex: 18    Spells: 5/15 levels left

rFire    . . .     SeeInvis +     - Unarmed
rCold    . . .     Gourm    .   (shield currently unavailable)
rNeg     . . .     Faith    .   (helmet currently unavailable)
rPois    x         Spirit   .   (no amulet)
rElec    .         Reflect  .   b - ring of resist corrosion
rCorr    +         Harm     .   p - ring of see invisible
MR       +....                  r - ring of protection from magic
Stlth    ++........             w - ring of wizardry
HPRegen  0.16/turn              (no ring)
MPRegen  0.14/turn              (no ring)
                                (no ring)
                                (no ring)

@: spider-form (expiring), heavily drained, very slow
A: tiny, almost no armour, stealthy swim, (amphibious), 8 rings, (constrict 8)
a: End Transformation, Bend Time, Renounce Religion


You were on level 6 of the Dungeon.
You worshipped Cheibriados.
Cheibriados was noncommittal.
You were not hungry.
You were a venomous arachnid creature.
You visited 2 branches of the dungeon, and saw 7 of its levels.

You collected 231 gold pieces.

Inventory:

Missiles
 a - 77 arrows
Jewellery
 b - a ring of resist corrosion (left front leg)
 p - a ring of see invisible (right front leg)
 r - a ring of protection from magic (on tentacle)
 w - a ring of wizardry (on tentacle)
Wands
 n - a wand of polymorph (5)
 q - a wand of iceblast (20)
Scrolls
 d - 3 scrolls of teleportation {unknown}
 e - a scroll of blinking
 f - a scroll of noise {unknown}
 h - a scroll of enchant armour {unknown}
 i - 6 scrolls of amnesia
 j - a scroll of immolation {unknown}
 k - 3 scrolls of remove curse
 s - 2 scrolls of magic mapping {unknown}
 t - 3 scrolls of identify
 v - a scroll of fear {unknown}
Potions
 g - a potion of haste
 m - a potion of flight
 o - a potion of might
 u - a potion of agility {unknown}
Comestibles
 c - 3 rations


   Skills:
 - Level 1.0(0.0) Fighting
 - Level 2.0(0.6) Dodging
 * Level 6.0(4.5) Unarmed Combat
 + Level 4.2(2.8) Spellcasting
 * Level 5.2(3.8) Transmutations
 - Level 3.1(1.8) Ice Magic
 - Level 3.1(1.8) Poison Magic


You had 5 spell levels left.
You knew the following spells:

 Your Spells              Type           Power        Failure   Level  Hunger
a - Beastly Appendage     Tmut           ###...       4%          1    None
b - Sticks to Snakes      Tmut           ###.....     6%          2    ##.....
c - Spider Form           Tmut/Pois      ##........   13%         3    ###....
d - Ice Form              Ice/Tmut       ##......     32%         4    ####...

Your spell library contained the following spells:

 Spells                   Type           Power        Failure   Level  Hunger
 Blade Hands              Tmut           ###.......   50%         5    ######.


Dungeon Overview and Level Annotations

Branches:
Dungeon (6/15)             Temple (1/1) D:5

Altars:
Ashenzari
Cheibriados
Dithmenos
Elyvilon
Fedhas
Gozag
Hepliaklqana
Makhleb
Okawaru
Qazlal
Ru
Sif Muna
Uskayaw
Wu Jian
Xom
Yredelemnul
Zin
The Shining One

Shops:
D:4 %

Annotations:
D:6 Dowan, Duvessa


Innate Abilities, Weirdness & Mutations

You cannot wear most types of armour.
You are very stealthy in the water. (Stealth+)
((You are amphibious.))
You can wear up to eight rings at the same time.
((You can use your tentacles to constrict eight enemies at once.))
((Your skin changes colour to match your surroundings (Stealth+).))
((Your rubbery body absorbs attacks. (AC +1, EV +1)))


Message History

Dowan misses you. Duvessa barely misses you.
You hit Dowan.
Dowan is poisoned.
Dowan is lightly wounded.
Duvessa completely misses you. Dowan closely misses you.
You closely miss Duvessa.
Duvessa is severely wounded.
Duvessa hits you with a +3 short sword of protection.
Dowan closely misses you.
You hit Duvessa.
Duvessa looks as sick as possible!
Duvessa is severely wounded.
Duvessa hits you with a +3 short sword of protection.
Dowan hits you with a +0 dagger.
Duvessa says, "Where magic fails, the sword succeeds!"
Duvessa hits you but does no damage.
You hit Duvessa.
Duvessa is almost dead.
Duvessa hits you with a +3 short sword of protection!
* * * LOW HITPOINT WARNING * * *
The orc barely misses you. Dowan hits you with a +0 dagger.
You die...

#...........#
##..#.o......#
...###e......#
#..###..##...# ..#
#..#..###...##
...##..o..##...†.#
..........l...).#
#.........##oe)#
##..._...####s.#
.##.........##.e.#
.......)......%..#
..##.....##..####
.. ##..#..###.#
...##..###..##.#
.......###.....#
#.......#..#####
######.....#


You could see Duvessa, Dowan and an orc.

Vanquished Creatures
  Grinder (D:3)
  A phantom (D:4)
  A sky beast (D:5)
  4 wights (D:6)
  2 howler monkeys
  3 hounds
  An orc priest (D:4)
  2 orc wizards (D:6)
  3 worker ants
  2 hound skeletons
  A howler monkey zombie (D:5)
  9 adders
  A shadow imp (D:5)
  5 worms
  3 dart slugs
  2 leopard geckos
  6 orcs (D:4)
  3 giant cockroaches
  8 goblins
  5 hobgoblins
  14 jackals
  6 quokkas
  A ball python (D:6)
  5 bats
  2 frilled lizards (D:2)
  3 kobolds
  A quokka skeleton (D:4)
  5 rats
100 creatures vanquished.

Vanquished Creatures (collateral kills)
  4 gnolls (D:4)
4 creatures vanquished.

Grand Total: 104 creatures vanquished

Notes
Turn   | Place    | Note
-------+----------+-------------------------------------------
     0 | D:1      | Hugehornet the Octopode Transmuter began the quest for the
                  | Orb.
     0 | D:1      | Reached XP level 1. HP: 13/13 MP: 3/3
   140 | D:1      | Reached XP level 2. HP: 18/18 MP: 3/5
   144 | D:1      | Learned a level 2 spell: Sticks to Snakes
   731 | D:2      | Reached XP level 3. HP: 23/23 MP: 4/6
  1004 | D:2      | Reached skill level 4 in Unarmed Combat
  1007 | D:2      | Reached XP level 4. HP: 23/28 MP: 7/7
  1529 | D:2      | Found an iron altar of Okawaru.
  1677 | D:3      | Learned a level 3 spell: Spider Form
  1912 | D:3      | Noticed Grinder
  1918 | D:3      | Paralysed by Grinder for 2 turns
  1926 | D:3      | Paralysed by Grinder for 3 turns
  1930 | D:3      | Killed Grinder
  1930 | D:3      | Reached skill level 5 in Unarmed Combat
  1930 | D:3      | Reached XP level 5. HP: 8/33 MP: 5/9
  1930 | D:3      | Reached XP level 6. HP: 9/38 MP: 5/10
  2181 | D:3      | Learned a level 4 spell: Ice Form
  2732 | D:4      | Reached skill level 1 in Ice Magic
  2779 | D:4      | Reached XP level 7. HP: 26/43 MP: 9/12
  3327 | D:4      | Found Paminievoc's Food Boutique.
  3692 | D:5      | Entered Level 5 of the Dungeon
  4525 | D:5      | Found a staircase to the Ecumenical Temple.
  4532 | Temple   | Entered the Ecumenical Temple
  4540 | Temple   | Became a worshipper of Cheibriados the Contemplative
  4942 | D:6      | Reached XP level 8. HP: 45/48 MP: 11/14
  5338 | D:6      | Found a hazy altar of Hepliaklqana.
  5374 | D:6      | Found a shadowy altar of Dithmenos.
  5410 | D:6      | Reached skill level 5 in Transmutations
  5428 | D:6      | Reached skill level 6 in Unarmed Combat
  5512 | D:6      | Noticed Duvessa
  5520 | D:6      | Noticed Dowan
  5692 | D:6      | HP: 1/48 [Duvessa/+3 short sword of protection (15)]
  5692 | D:6      | Slain by Dowan

Levels and vault maps discovered:
D:1:      nicolae_arrival_memento_mori, layout_basic, hangedman_decor_growths
D:2:      layout_loops_ring, marbit_many_paths, serial_forest,
          infiniplex_forest_clump_diagonal, infiniplex_forest_zigzag_1,
          infiniplex_forest_lined_2, infiniplex_forest_lined_ring,
          infiniplex_forest_clump_cross, infiniplex_forest_zigzag_1,
          infiniplex_forest_clump_tiny, infiniplex_forest_clump_C
D:3:      layout_rooms, uniq_grinder
D:4:      layout_cave_pools, serial_shops, nicolae_shop_trees
D:5:      layout_loops_ring, minmay_temple_entry_enclosed_plants, first_ration,
          chequers_serial_rivers_small_a
D:6:      layout_basic, kennysheep_mini_moat, nicolae_overflow_hidden_temple,
          nicolae_dithmenos_shadow_blocks, uniq_duvessa
Temple:   lightli_temple_of_artemis

Skill      XL: |  1  2  3  4  5  6  7  8 |
---------------+-------------------------+-----
Transmutations | 3 4 5 |  5.2
Unarmed Combat | 4 5 6 |  6.0
Spellcasting   | 3 4 |  4.2
Poison Magic   | 3 |  3.1
Ice Magic      | 1 3 |  3.1
Fighting       | |  1.0
Dodging        | |  2.0

Action                   |  1- 3 |  4- 6 |  7- 9 || total
-------------------------+-------+-------+-------++-------
Melee: Unarmed           |    58 |   104 |   150 ||   312
       Constrict         |    16 |    22 |    23 ||    61
       Kick              |    11 |    20 |    19 ||    50
       Tentacles         |    13 |    14 |    13 ||    40
       Punch             |       |     2 |     2 ||     4
 Cast: Beastly Appendage |    22 |    12 |    19 ||    53
       Spider Form       |       |     3 |     6 ||     9
       Sticks to Snakes  |       |       |    11 ||    11
 Abil: End Transformatio |       |       |     1 ||     1
  Use: Potion            |       |     1 |     2 ||     3
       Scroll            |       |     7 |     2 ||     9
 Stab: Sleeping          |     8 |     3 |     2 ||    13
  Eat: Chunk             |     1 |     5 |     4 ||    10
       Ration            |       |     1 |     1 ||     2
Armor: Skin              |     5 |     5 |     7 ||    17
Dodge: Dodged            |    30 |    78 |   100 ||   208
